 Dungeon Crawl Stone Soup version 0.30-a0-949-g53dc5368d7 (webtiles) character file.

Game seed: 7477618830826953355

113 2tousent the Insei (level 5, -6/38 HPs)
             Began as a Djinni Transmuter on Mar 27, 2023.
             Was an Initiate of Gozag.
             Mangled by an ice beast (10 damage)
             ... on level 4 of the Dungeon.
             The game lasted 00:04:06 (2969 turns).

2tousent the Insei (Djinni Transmuter)              Turns: 2969, Time: 00:04:07

Health: -6/38      AC:  2    Str: 11    XL:     5   Next: 17%
Gold:   366        EV: 20    Int: 15    God:    Gozag SH:  0 Dex: 18

rFire   . . .      SeeInvis .      - Unarmed
rCold   . . .      Faith    .    (shield currently unavailable)
rNeg    . . .      Spirit   .    a - melded +0 robe
rPois   ∞          Reflect  .    (helmet currently unavailable)
rElec   .          Rampage  .    (cloak currently unavailable)
rCorr   .                        (gloves currently unavailable)
Will    .....                    (boots unavailable)
Stlth   ++                       (no amulet)
HPRegen 0.26/turn                (no ring)
MPRegen 0.00/turn                (no ring)

@: spider-form (expiring), flying
A: venomous fangs, flying, sickness immunity, tiny, (fire resistance 2), (cold
vulnerability 1), float, innate caster, HP casting, extra vitality 1
a: End Transformation, Renounce Religion, Potion Petition, Call Merchant, Bribe
Branch


You were on level 4 of the Dungeon.
You worshipped Gozag.
Gozag was aware of your devotion.
You were a venomous arachnid creature.
You visited 1 branch of the dungeon, and saw 4 of its levels.

You collected 366 gold pieces.

Inventory:

Armour
 a - a +0 robe (melded)
Scrolls
 c - 2 scrolls of brand weapon {unknown}
 d - a scroll of fog {unknown}
 h - a scroll of noise {unknown}
Potions
 b - a potion of lignification
 e - a potion of magic {unknown}
 f - 2 potions of curing
 g - 2 potions of invisibility
 i - 2 potions of degeneration {unknown}
 j - a potion of attraction {unknown}
 k - a potion of mutation {unknown}
 l - 2 potions of heal wounds {unknown}
 m - 2 potions of flight {unknown}


   Skills:
 + Level 2.1 Fighting
 + Level 3.1 Dodging
 * Level 4.1 Unarmed Combat
 + Level 2.1 Spellcasting


You knew the following spells:

 Your Spells              Type           Power      Damage    Failure   Level
a - Beastly Appendage     Tmut           16%        N/A       22%         1
b - Wereblood             Tmut           8%         N/A       32%         2
c - Spider Form           Tmut/Pois      8%         N/A       47%         3
d - Ice Form              Ice/Tmut       8%         N/A       83%         4
e - Sandblast             Erth           16%        2d6       22%         1
f - Poisonous Vapours     Pois/Air       16%        N/A       32%         2
Your spell library was empty.

Dungeon Overview and Level Annotations

Branches:
Dungeon (4/15)
 Temple: D:4-7

Altars:
Gozag


Innate Abilities, Weirdness & Mutations

You are a venomous arachnid creature.
You have venomous fangs.
You are tiny and dextrous.
You are flying.
Your spellcasting is less reliable in this form.
Your armour is entirely melded.
You are incapable of wielding weapons or throwing items.
You are immune to sickness and miasma.
You are immune to poison.
((Your flesh is very heat resistant. (rF++)))
((You are vulnerable to cold. (rC-)))
You float through the air rather than walking.
You learn spells naturally, not from books.
Your magical power is your life essence.
You have superior vitality. (+4 MHP)


Message History

The spell is quite dangerous to miscast (26% risk of failure)!
Continue anyway?
You turn into a venomous arachnid creature.
Your +0 robe melds into your body.
You hit the ice beast but do no damage.
The ice beast is poisoned.
You hit the ice beast but do no damage.
The ice beast hits you but does no damage.
You barely miss the ice beast.
Your transformation is almost over.
The ice beast completely misses you.
You hit the ice beast.
The ice beast is moderately wounded.
The ice beast completely misses you.
Your magical contamination has completely faded away.
You hit the ice beast but do no damage.
The ice beast is moderately wounded.
The ice beast misses you.
You hit the ice beast.
The ice beast is moderately wounded.
The ice beast hits you. The ice beast freezes you!
You barely miss the ice beast.
The ice beast is moderately wounded.
The ice beast closely misses you.
You hit the ice beast.
The ice beast looks even sicker.
The ice beast is heavily wounded.
The ice beast hits you but does no damage.
You hit the ice beast but do no damage.
The ice beast looks as sick as possible!
The ice beast is heavily wounded.
The ice beast hits you but does no damage.
You barely miss the ice beast.
The ice beast is heavily wounded.
The ice beast hits you. The ice beast freezes you!
* * * LOW HITPOINT WARNING * * *
You barely miss the ice beast.
The ice beast is heavily wounded.
The ice beast attacks as you move away! The ice beast hits you.
* * * LOW HITPOINT WARNING * * *
The ice beast freezes you!
You die...
Your body crumbles into a pile of gold.

######.# #.sY..#
#########.####.#
..........#
####.###.<# #..#
....# $ ......#
........#
........#


You could see an ice beast (extremely poisoned).

Vanquished Creatures
  3 gnolls (D:3)
  2 adders
  3 worms (D:3)
  A dart slug (D:3)
  5 bats
  4 endoplasms
  A giant cockroach (D:1)
  7 hobgoblins
  9 jackals
  A quokka (D:2)
  3 ball pythons
  2 frilled lizards (D:2)
  3 goblins
  6 kobolds
  A rat (D:3)
51 creatures vanquished.

Notes
Turn   | Place    | Note
-------+----------+-------------------------------------------
     0 | D:1      | 2tousent the Djinni Transmuter began the quest for the Orb.
     0 | D:1      | 2tousent set off with the following spells memorised:
                  | Beastly Appendage, Wereblood, Spider Form, Ice Form.
     0 | D:1      | Reached XP level 1. HP: 17/17 MP: 0/0
   197 | D:1      | Reached XP level 2. HP: 16/22 MP: 0/0
   304 | D:1      | Found a faded altar of an unknown god.
   362 | D:1      | Prayed at the altar of an unknown god.
   362 | D:1      | Became a worshipper of Gozag Ym Sagoz the Greedy
   724 | D:1      | Reached XP level 3. HP: 18/27 MP: 0/0
   724 | D:1      | Learned a level 1 spell: Sandblast
  1973 | D:3      | Reached XP level 4. HP: 30/33 MP: 0/0
  2375 | D:3      | Reached skill level 4 in Unarmed Combat
  2383 | D:3      | Reached XP level 5. HP: 13/38 MP: 0/0
  2383 | D:3      | Learned a level 2 spell: Poisonous Vapours
  2952 | D:4      | Noticed an ice beast
  2969 | D:4      | Mangled by an ice beast

Illustrated notes

Levels and vault maps discovered:
D:1:      minmay_arrival_open_corners, layout_loops_corners, serial_forest,
          infiniplex_forest_straight_4, infiniplex_forest_straight_4,
          infiniplex_forest_join, infiniplex_forest_lined_corner,
          infiniplex_forest_clump_medium, shapermc_ecumenical_altar_pompeii
D:2:      layout_basic, hex_intersection
D:3:      layout_basic, hangedman_decor_slide_cut, grunt_ministairs_4,
          supply_closet_lemuel, hangedman_decor_riveting
D:4:      layout_loops_ring, minmay_misc_feat_diagonals,
          nicolae_nh_ransacked_shop, uniq_eustachio, uniq_natasha, uniq_duvessa

Skill      XL: |  1  2  3  4 |
---------------+-------------+-----
Spellcasting   | 2 |  2.1
Fighting       | 2 |  2.1
Dodging        | 3 |  3.1
Unarmed Combat | 4 |  4.1

Action                     |  1- 3 |  4- 6 || total
---------------------------+-------+-------++-------
  Melee: Unarmed           |   167 |    83 ||   250
         Punch             |     6 |     4 ||    10
         Headbutt          |     3 |     3 ||     6
   Cast: Beastly Appendage |     4 |     4 ||     8
         Spider Form       |       |     3 ||     3
    Use: Scroll            |     6 |       ||     6
   Stab: Distracted        |     2 |     1 ||     3
         Sleeping          |     2 |     1 ||     3
 Armour: Robe              |    28 |     6 ||    34
         Skin              |       |     3 ||     3
  Dodge: Dodged            |    95 |    45 ||   140

Table legend: (Time is in decaauts)
 A = Elapsed time spent in this place.
 B = Non-inter-level travel time spent in this place.
 C = Inter-level travel time spent in this place.
 D = Time resting spent in this place.
 E = Time spent auto-exploring this place.
 F = Levels seen in this place.
 G = Mean time per level.
                   A        B        C        D        E       F      G
               +--------+--------+--------+--------+--------+-----+--------+
         Total |   2952 |   2821 |    131 |     42 |   2303 |   4 |  738.0 |
       Dungeon |   2952 |   2821 |    131 |     42 |   2303 |   4 |  738.0 |
               +--------+--------+--------+--------+--------+-----+--------+

Top non-repeatable levels by time:
     D:1: 1400 daAuts
     D:3: 1069 daAuts
     D:2: 464 daAuts
     D:4: 19 daAuts
